 Dungeon Crawl Stone Soup version 0.21-a0-529-g8c7b3f5 (webtiles) character file.

4705 kae the Grappler (level 10, -19/100 HPs)
             Began as a Troll Monk on Dec 11, 2017.
             Was a Priest of Wu Jian.
             Demolished by a death yak (23 damage)
             ... on level 8 of the Dungeon.
             The game lasted 00:07:40 (6876 turns).

kae the Grappler (Troll Monk)                       Turns: 6876, Time: 00:07:41

Health: -19/100    AC:  6    Str: 21    XL:     10   Next: 21%
Magic:  0/9        EV: 20    Int:  6    God:    Wu Jian [***...]
Gold:   418        SH:  0    Dex: 20    Spells: 9/9 levels left

rFire    . . .     SeeInvis .     - Unarmed
rCold    + . .     Gourm    +   (no shield)
rNeg     . . .     Faith    .   a - +1 robe
rPois    .         Spirit   +   (helmet restricted)
rElec    .         Reflect  .   (no cloak)
rCorr    .         Harm     .   (gloves unavailable)
MR       .....                  (boots unavailable)
Stlth    +++.......             q - amulet of guardian spirit
HPRegen  0.66/turn              o - ring of protection from cold
MPRegen  0.11/turn              (no ring)

@: agile
A: large, unfitting armour, claws 3, fast metabolism 3, gourmand, regeneration
1, shaggy fur 1, tough skin 2
a: Serpent's Lash, Renounce Religion


You were on level 8 of the Dungeon.
You worshipped Wu Jian.
Wu Jian was most pleased with you.
You were full.

You visited 2 branches of the dungeon, and saw 9 of its levels.

You collected 418 gold pieces.

Inventory:

Armour
 a - a +1 robe (worn)
Jewellery
 o - a ring of protection from cold (left claw)
 q - an amulet of guardian spirit (around neck)
 t - an uncursed ring of stealth {unknown}
 v - a +5 amulet of reflection {unknown}
 A - a cursed ring of teleportation {unknown}
Wands
 k - a wand of digging (17)
 p - a wand of flame (15)
 y - a wand of acid (4)
 D - a wand of random effects (32)
Scrolls
 c - 2 scrolls of amnesia
 h - 3 scrolls of remove curse
 l - a scroll of summoning {unknown}
 r - a scroll of magic mapping
 u - 6 scrolls of identify
Potions
 d - a potion of agility
 e - a potion of flight
 g - 3 potions of curing
 j - 2 potions of magic
 n - 2 potions of might {unknown}
 s - a potion of haste {unknown}
 w - a potion of mutation {unknown}
 x - a potion of cancellation {unknown}
 z - a potion of invisibility {unknown}
 B - a potion of ambrosia {unknown}
Books
 E - a book of Power

   Spells                             Type                      Level
   a - Iskenderun's Battlesphere      Conjuration/Charms           5
   b - Venom Bolt                     Conjuration/Poison           5
   c - Bolt of Magma                  Conjuration/Fire/Earth       5
   d - Iron Shot                      Conjuration/Earth            6
   e - Orb of Destruction             Conjuration                  7
   f - Spellforged Servitor           Conjuration/Summoning        7
Comestibles
 b - 9 bread rations
 f - 5 meat rations
 i - a royal jelly
 m - 20 fruits


   Skills:
 + Level 6.8 Fighting
 + Level 6.8 Dodging
 - Level 1.0 Stealth
 * Level 11.0 Unarmed Combat


You had 9 spell levels left.
You didn't know any spells.

Dungeon Overview and Level Annotations

Branches:
Dungeon (8/15)             Temple (1/1) D:6            Lair (0/6) D:8

Altars:
Ashenzari
Cheibriados
Dithmenos
Elyvilon
Fedhas
Gozag
Hepliaklqana
Kikubaaqudgha
Makhleb
Nemelex Xobeh
Okawaru
Qazlal
Ru
Vehumet
Wu Jian
Yredelemnul
Zin
The Shining One


Innate Abilities, Weirdness & Mutations

You are too large for most types of armour.
You have claws for hands.
Your metabolism is lightning-fast.
You like to eat raw meat.
Your natural rate of healing is unusually fast.
You are covered in fur. (AC +1)
You have very tough skin. (AC +2)


Message History

You claw the death yak! You claw the death yak.
The death yak is heavily wounded.
The death yak misses you.
You scratch the death yak but do no damage.
The death yak is heavily wounded.
The death yak gores you!
You scratch the death yak but do no damage.
You claw the death yak.
The death yak is severely wounded.
The death yak gores you!!
* * * LOW HITPOINT WARNING * * *
You scratch the death yak.
The death yak is severely wounded.
The death yak gores you!!
* * * LOW HITPOINT WARNING * * *
You spin and attack the death yak.
You scratch the death yak but do no damage.
The death yak is severely wounded.
The death yak gores you!!
You die...

......Y........†.......).........
.................................
............Y..Y....####'#....|))
#########'########...............
,,*,,,...........#..............#
,,+,,,...........'..............#
,,*,,,...........#..............#
******##...##....#..............#
***,,########..)@#YY......[.....#
,*,,,#>....'.....Y########......#
,*,,,#.....######.# #......#
,*,,,#.....#......# #......'
,*>,,#.....'......# #......#
,+,,,#.....#......# #......#
,*,,,#.....#..[...# #......#
,*,,,#.....#......# #......#
*****#######......# #......#


You could see a death yak (pinned).

Vanquished Creatures
  A death yak (D:8)
  Pikel (D:8)
  The ghost of Torious the Destroyer, a novice DECj of Sif Muna (D:7)
  Psyche (D:8)
  Grinder (D:4)
  A yak (D:8)
  A hungry ghost (D:8)
  4 orc warriors
  4 ice beasts
  A sky beast (D:8)
  A slave (D:7)
  A black bear (D:8)
  A phantom (D:5)
  An ogre (D:4)
  A big kobold (D:7)
  4 bullfrogs
  A gnoll sergeant (D:8)
  4 crimson imps
  3 hounds
  A jelly (D:8)
  4 orc priests
  A bullfrog skeleton (D:8)
  Ijyb (D:4)
  Jessica (D:3)
  An iguana (D:4)
  Natasha (D:2)
  A worker ant (D:5)
  7 orc wizards
  A killer bee zombie (D:8)
  7 gnolls
  9 adders
  2 shadow imps
  2 oozes (D:1)
  3 adder zombies
  7 worms
  3 dart slugs
  4 leopard geckos
  20 orcs
  2 ball pythons
  6 giant cockroaches
  13 goblins
  13 hobgoblins
  5 quokkas
  7 bats
  7 frilled lizards
  A jackal skeleton (D:8)
  10 kobolds
  A leopard gecko skeleton (D:4)
  A quokka skeleton (D:7)
  5 rats
180 creatures vanquished.

Vanquished Creatures (others)
  A slave (D:8)
  An orc (D:8)
2 creatures vanquished.

Grand Total: 182 creatures vanquished

Notes
Turn   | Place    | Note
-------+----------+-------------------------------------------
     0 | D:1      | kae the Troll Monk began the quest for the Orb.
     0 | D:1      | Reached XP level 1. HP: 22/22 MP: 0/0
   287 | D:1      | Reached XP level 2. HP: 29/29 MP: 1/1
   402 | D:1      | Reached XP level 3. HP: 25/36 MP: 2/2
   681 | D:2      | Reached skill level 4 in Unarmed Combat
   763 | D:2      | Reached XP level 4. HP: 42/44 MP: 3/3
  1232 | D:2      | Noticed Natasha
  1244 | D:2      | Killed Natasha
  1244 | D:2      | Reached XP level 5. HP: 45/53 MP: 4/4
  1425 | D:3      | Noticed Jessica
  1434 | D:3      | Killed Jessica
  1539 | D:3      | Reached skill level 5 in Unarmed Combat
  1960 | D:3      | Found a blossoming altar of Fedhas.
  2149 | D:4      | Reached XP level 6. HP: 60/61 MP: 5/5
  2213 | D:4      | Noticed Grinder
  2229 | D:4      | Killed Grinder
  2320 | D:4      | Reached skill level 6 in Unarmed Combat
  2320 | D:4      | Reached XP level 7. HP: 68/68 MP: 6/6
  2451 | D:4      | Noticed Ijyb
  2460 | D:4      | Killed Ijyb
  2730 | D:5      | Entered Level 5 of the Dungeon
  2881 | D:5      | Found a shattered altar of Ashenzari.
  3169 | D:5      | Reached skill level 7 in Unarmed Combat
  3778 | D:6      | Reached XP level 8. HP: 61/79 MP: 3/7
  4322 | D:6      | Found a staircase to the Ecumenical Temple.
  4508 | Temple   | Entered the Ecumenical Temple
  4534 | Temple   | Became a worshipper of the Wu Jian Council
  4534 | Temple   | Reached * piety under Wu Jian
  4534 | Temple   | Reached ** piety under Wu Jian
  4754 | D:7      | Reached skill level 5 in Dodging
  4754 | D:7      | Reached skill level 8 in Unarmed Combat
  4755 | D:7      | Reached skill level 5 in Fighting
  5180 | D:7      | Noticed Torious's ghost (novice DECj)
  5203 | D:7      | Killed Torious's ghost
  5203 | D:7      | Reached skill level 9 in Unarmed Combat
  5203 | D:7      | Reached XP level 9. HP: 26/88 MP: 3/8
  5749 | D:8      | Noticed Psyche
  5772 | D:8      | Noticed Pikel
  5773 | D:8      | Noticed a death yak
  5948 | D:8      | Killed Psyche
  6068 | D:8      | Reached skill level 10 in Unarmed Combat
  6101 | D:8      | Noticed a death yak
  6101 | D:8      | Noticed a death yak
  6114 | D:8      | Found a staircase to the Lair.
  6126 | D:7      | Reached *** piety under Wu Jian
  6290 | D:8      | Killed Pikel
  6299 | D:8      | Reached XP level 10. HP: 26/100 MP: 3/9
  6498 | D:8      | Killed a death yak
  6851 | D:8      | Reached skill level 11 in Unarmed Combat
  6874 | D:8      | HP: 3/100 [death yak (21)]
  6876 | D:8      | Demolished by a death yak

Vault maps used:
D:1:      minmay_arrival_loop, palyth_stone_intersect
D:2:      uniq_natasha
D:3:      fedhas_altar_fruit_tree, uniq_jessica
D:4:      cheibrodos_greedy_goblins, hangedman_feature_mirror, uniq_grinder,
          uniq_ijyb
D:5:      kennysheep_little_box, first_bread, hangedman_decor_riveting,
          dk_vineyard_2
D:6:      minmay_temple_entry_poolview
D:8:      dpeg_lair_monsters, uniq_psyche, uniq_pikel
Temple:   grunt_wide_crystal_templ

Skill      XL: |  1  2  3  4  5  6  7  8  9 10 |
---------------+-------------------------------+-----
Unarmed Combat | 4 5 6 7 9 10 11 | 11.0
Fighting       | 3 4 5 6 |  6.8
Dodging        | 3 4 5 6 |  6.8
Stealth        | |  1.0

Action                   |  1- 3 |  4- 6 |  7- 9 | 10-12 || total
-------------------------+-------+-------+-------+-------++-------
Melee: Unarmed           |    94 |   141 |   309 |    45 ||   589
       Punch             |       |     4 |    19 |     7 ||    30
Invok: Serpent's Lash    |       |       |     1 |       ||     1
  Use: Scroll            |       |     8 |     2 |       ||    10
       Potion            |       |       |     4 |     1 ||     5
 Stab: Sleeping          |     1 |     5 |     2 |       ||     8
       Distracted        |       |       |     1 |       ||     1
  Eat: Chunk             |    11 |    16 |    40 |     3 ||    70
       Fruit             |       |       |     3 |       ||     3
       Bread ration      |       |       |     1 |       ||     1
Armor: Robe              |    39 |    39 |    61 |     5 ||   144
Dodge: Dodged            |    36 |    63 |   135 |    14 ||   248

Table legend:
 A = Spawn XP
 B = Non-spawn XP
 C = Spawn XP percentage of total XP
 D = Spawn monster count
 E = Non-spawn monster count
 F = Spawn count percentage of total count
 G = Total turns spent on level
                    A         B        C        D         E        F      G
               +---------+---------+-------+---------+---------+-------+---------
         Total |       0 |    6722 |   0.0 |       0 |     180 |   0.0 |  6876
               +---------+---------+-------+---------+---------+-------+---------
           D:1 |       0 |      53 |   0.0 |       0 |      22 |   0.0 |   675
           D:2 |       0 |     153 |   0.0 |       0 |      30 |   0.0 |   703
           D:3 |       0 |     159 |   0.0 |       0 |      20 |   0.0 |   689
           D:4 |       0 |     649 |   0.0 |       0 |      28 |   0.0 |   663
           D:5 |       0 |     359 |   0.0 |       0 |      12 |   0.0 |   723
           D:6 |       0 |     468 |   0.0 |       0 |      11 |   0.0 |  1231
           D:7 |       0 |    1399 |   0.0 |       0 |      21 |   0.0 |  1060
           D:8 |       0 |    3482 |   0.0 |       0 |      36 |   0.0 |  1088
               +---------+---------+-------+---------+---------+-------+---------
